AoeStats
← BoaznKini089

Fortress

509045429Analyzed
4v4 RM · 6d ago on Sep 25, 2026· 50m 39s· 8 players
Game mode
Random Map
Map size
Huge
Population
200
Speed
Normal
Resources
Standard
Victory
Conquest
Starting age
Dark Age
Ending age
Imperial Age
RankedLock teamsTeams togetherTeam positionsShared explorationLock speedFull tech treeHidden civsTurbo modeCheats
Victory
Defeat
🇮🇳 Portuguese · India
924
+11
883
+12
🇨🇳 Bohemians · China
835
+14
🇹🇷 Britons · Türkiye
808
+15
🇺🇸 Varangians · United States
928
-18
🇩🇪 Danes · Germany
776
-12
🇲🇽 Georgians · Mexico
767
-12
🇲🇽 Huns · Mexico
711
-10
OK旺仔
8:58 Feudal Age
10:07 Double-Bit Axe
12:57 Castle Age
14:36 Bow Saw
17:09 Horse Collar
18:29 Wheelbarrow
25:19 Chemistry
25:04 Padded Archer Armor
25:13 Loom
26:32 Heavy Plow
29:31 Squires
28:51 Pikeman
32:43 Imperial Age
32:49 Imperial Age
33:10 Forging
33:01 Scale Mail Armor
34:15 Halberdier
36:49 Leather Archer Armor
37:12 Iron Casting
36:52 Chain Mail Armor
38:05 Ring Archer Armor
37:42 Siege Engineers
37:59 Ballistics
38:40 Hand Cart
38:16 Town Watch
39:48 Blast Furnace
42:14 Houfnice
43:14 Town Patrol
48:04 Conscription
47:49 Wagenburg Tactics
48:18 Plate Mail Armor
47:50 Murder Holes
48:06 Masonry
48:43 Caravan
48:54 Guilds
49:49 Architecture
LetRapier1966
0:56 Loom
8:04 Feudal Age
9:54 Horse Collar
13:57 Castle Age
15:06 Wheelbarrow
14:19 Double-Bit Axe
16:53 Bow Saw
17:35 Stone Mining
17:41 Gold Mining
23:08 Stone Shaft Mining
25:31 Hand Cart
25:44 Heavy Plow
29:30 Imperial Age
28:09 Fletching
29:44 Padded Archer Armor
30:06 Ballistics
30:28 Arquebus
30:50 Conscription
30:29 Elite Organ Gun
31:30 Bodkin Arrow
33:06 Chemistry
33:28 Siege Engineers
35:11 Bombard Tower
35:21 Bracer
35:48 Murder Holes
36:06 Fortified Wall
36:07 Masonry
38:53 Architecture
38:05 Treadmill Crane
38:16 Heated Shot
40:07 Coinage
39:47 Guilds
Külekcikss
0:43 Loom
7:11 Feudal Age
7:38 Double-Bit Axe
8:34 Wheelbarrow
7:56 Horse Collar
8:51 Stone Mining
9:21 Gold Mining
17:19 Castle Age
19:20 Gold Shaft Mining
19:29 Fletching
19:40 Padded Archer Armor
19:53 Bow Saw
20:56 Town Watch
25:56 Heavy Plow
28:02 Ballistics
27:23 Treadmill Crane
27:54 Masonry
28:07 Murder Holes
27:54 Treadmill Crane
33:40 Imperial Age
31:53 Yeomen
32:29 Fortified Wall
32:30 Masonry
32:36 Leather Archer Armor
32:46 Pikeman
33:27 Squires
33:12 Gambesons
33:13 Arson
35:44 Conscription
36:08 Warwolf
38:06 Two-Man Saw
38:28 Hand Cart
40:15 Chemistry
40:44 Town Patrol
40:34 Elite Longbowman
42:08 Architecture
42:10 Ring Archer Armor
41:35 Bodkin Arrow
42:49 Siege Engineers
42:47 Bodkin Arrow
43:20 Halberdier
46:01 Hoardings
46:34 Guard Tower
Potatoes are my favourite fruit
0:31 Loom
7:52 Feudal Age
13:02 Castle Age
10:57 Horse Collar
11:07 Double-Bit Axe
11:35 Fletching
18:45 Wheelbarrow
19:28 Ballistics
20:47 Hand Cart
21:26 Bow Saw
21:35 Heavy Plow
21:38 Gold Mining
21:40 Stone Mining
22:55 Squires
25:22 Gold Shaft Mining
25:23 Stone Shaft Mining
25:10 Bodkin Arrow
25:17 Scale Mail Armor
25:27 Forging
29:37 Imperial Age
30:25 Padded Archer Armor
31:01 Iron Casting
30:41 Chain Mail Armor
30:28 Bracer
31:08 Iron Casting
30:49 Chain Mail Armor
29:57 Elite Chu Ko Nu
30:59 Conscription
30:02 Elite Chu Ko Nu
32:47 Caravan
33:59 Plate Mail Armor
34:29 Blast Furnace
33:45 Leather Archer Armor
33:25 Heavy Rocket Cart
35:28 Two-Man Saw
36:03 Chemistry
37:00 Rocketry
36:59 Masonry
36:46 Murder Holes
38:27 Ring Archer Armor
37:29 Elite Fire Lancer
38:00 Arson
40:52 Architecture
43:23 Capped Ram
44:27 Siege Ram
44:35 Siege Ram
BoaznKini089
8:42 Feudal Age
11:11 Wheelbarrow
10:18 Horse Collar
10:25 Double-Bit Axe
10:34 Gold Mining
10:47 Stone Mining
14:04 Loom
16:37 Castle Age
15:05 Forging
15:01 Arson
15:23 Scale Mail Armor
17:26 Heavy Plow
17:38 Bow Saw
18:11 Gold Shaft Mining
18:14 Stone Shaft Mining
17:43 Gambesons
17:59 Squires
19:30 Caravan
20:03 Hand Cart
21:55 Iron Casting
21:46 Chain Mail Armor
22:43 Hamask
30:41 Imperial Age
31:11 Murder Holes
31:38 Ballistics
31:09 Heated Shot
31:30 Masonry
30:47 Elite Varangian Guard
31:24 Capped Ram
33:47 Conscription
36:16 Blast Furnace
35:47 Plate Mail Armor
37:24 Onager
44:10 Fletching
44:20 Padded Archer Armor
44:05 Cranequins
44:54 Heavy Mounted Crossbowman
Charly Redfield
0:34 Loom
10:33 Feudal Age
17:24 Castle Age
16:18 Double-Bit Axe
17:19 Horse Collar
18:22 Gold Mining
19:07 Bow Saw
19:56 Caravan
20:10 Husbandry
19:31 Light Cavalry
20:22 Bloodlines
22:09 Gold Shaft Mining
29:10 Imperial Age
28:34 Marauders
29:27 Wheelbarrow
32:04 Parthian Tactics
32:15 Parthian Tactics
33:16 Scale Barding Armor
35:07 Elite Skirmisher
44:04 Cavalier
44:06 Hussar
45:32 Town Watch
45:52 Man-at-Arms
ADMHMCR69
4:19 Loom
6:23 Feudal Age
17:06 Castle Age
19:50 Double-Bit Axe
23:30 Wheelbarrow
24:06 Gold Mining
27:05 Bloodlines
28:59 Town Watch
33:33 Imperial Age
34:20 Horse Collar
37:07 Heavy Cavalry Archer
40:05 Padded Archer Armor
39:56 Fletching
40:39 Scale Barding Armor
41:44 Parthian Tactics
41:43 Bodkin Arrow
44:07 Conscription
44:00 Aznauri Cavalry
45:15 Heavy Plow
46:37 Chemistry
45:49 Fortified Wall
45:45 Elite Skirmisher
46:23 Heavy Scorpion
48:28 Leather Archer Armor
48:14 Bracer
48:35 Chain Barding Armor
st_augustine
1:44 Loom
8:01 Feudal Age
14:37 Castle Age
13:42 Double-Bit Axe
13:38 Horse Collar
14:05 Stone Mining
15:55 Bow Saw
15:46 Heavy Plow
18:48 Gold Mining
20:13 Fletching
20:29 Scale Barding Armor
23:18 Wheelbarrow
23:01 Town Watch
27:15 Imperial Age
26:56 Forging
26:31 Pikeman
28:49 Scale Mail Armor
30:35 Chain Barding Armor
30:38 Hand Cart
32:28 Conscription
31:32 Halberdier
33:37 Plate Barding Armor
33:19 Vendel Legacy
34:43 Chain Mail Armor
35:03 Iron Casting
33:54 Cavalier
37:39 Blast Furnace
36:57 Husbandry
37:08 Bloodlines
37:04 Bodkin Arrow
37:10 Padded Archer Armor
36:38 Elite Skirmisher
43:52 Bracer
46:02 Leather Archer Armor
Connection lost

Rejoining the realm…

Still unreachable

The connection could not be restored.

Session expired

The server has moved on; the page needs a fresh start.